 Dungeon Crawl Stone Soup version 0.17-a0-1685-g57e755e (webtiles) character file.

126 kae the Chiller (level 4, 25/30 HPs)
             Began as a Demonspawn Ice Elementalist on Aug 19, 2015.
             Quit the game on level 3 of the Dungeon.
             The game lasted 00:04:24 (3313 turns).

kae the Chiller (Demonspawn Ice Elementalist)       Turns: 3313, Time: 00:04:24

Health: 25/30      AC:  2    Str:  9    XL:     4   Next: 84%
Magic:  8/8        EV: 14    Int: 17    God:
Gold:   92         SH:  0    Dex: 13    Spells: 1 memorised, 8 levels left

rFire  . . .     SeeInvis .     (no weapon)
rCold  . . .     Clarity  .     a - +0 robe
rNeg   . . .     SustAt   .     (no shield)
rPois  .         Gourm    .     (no helmet)
rElec  .         Spirit   .     (no cloak)
rCorr  .         Warding  .     (no gloves)
rMut   .         Stasis   .     (no boots)
MR     .....                    (no amulet)
Stlth  ++........               (no ring)
                                (no ring)

@: not resistant to hostile enchantments, unstealthy
A: claws 1, repulsion field 1
a: no special abilities


You were on level 3 of the Dungeon.
You were hungry.

You visited 1 branch of the dungeon, and saw 3 of its levels.

You collected 92 gold pieces.

Inventory:

Armour
 a - a +0 robe (worn)
Jewellery
 o - a cursed ring of loudness {unknown}
Magical devices
 h - a wand of polymorph (13)
Scrolls
 e - 2 scrolls of identify {unknown}
 f - a scroll of random uselessness {unknown}
 g - 3 scrolls of teleportation {unknown}
 i - 4 scrolls of recharging {unknown}
 j - 2 scrolls of remove curse {unknown}
 k - a scroll of blinking {unknown}
 s - a scroll of fog {unknown}
Potions
 d - a potion of agility {unknown}
 m - a potion of brilliance {unknown}
 p - a potion of flight {unknown}
 r - 2 potions of berserk rage {unknown}
Books
 b - a book of Frost

   Spells                             Type                      Level
   a - Freeze                         Ice                          1
   b - Throw Frost                    Conjuration/Ice              2
   c - Ozocubu's Armour               Charms/Ice                   3
   d - Throw Icicle                   Conjuration/Ice              4
   e - Summon Ice Beast               Ice/Summoning                4
   f - Condensation Shield            Ice                          4
 q - a book of Conjurations

   Spells                             Type                      Level
   a - Magic Dart                     Conjuration                  1
   b - Searing Ray                    Conjuration                  2
   c - Dazzling Spray                 Conjuration/Hexes            3
   d - Fulminant Prism                Conjuration/Hexes            4
   e - Iskenderun's Mystic Blast      Conjuration                  4
   f - Iskenderun's Battlesphere      Conjuration/Charms           5
Comestibles
 c - 4 bread rations
 l - a beef jerky
 n - 2 meat rations


   Skills:
 - Level 1.7 Dodging
 - Level 1.7 Stealth
 + Level 3.1 Spellcasting
   Level 1.0 Conjurations
 * Level 4.4 Ice Magic


You had 8 spell levels left.
You knew the following spells:

 Your Spells              Type           Power        Failure   Level  Hunger
a - Freeze                Ice            ###.         2%          1    None


Dungeon Overview and Level Annotations

Branches:
Dungeon (3/15)

Altars:
Cheibriados

Annotations:
D:3 Ijyb


Innate Abilities, Weirdness & Mutations

You have sharp fingernails.
You are surrounded by a mild repulsion field (EV +2).


Message History

You freeze the orc.
You kill the orc!
Casting: Freeze
Confirm with . or Enter, or press ? or * to list all spells.
You can't see any susceptible monsters within range! (Use Z to cast anyway.)
You start resting.
Magic restored.
Things that are here:
a falchion; an orc corpse You open the door.
Found a war axe. 2 goblins come into view.
There are monsters nearby!
There are monsters nearby!
There are monsters nearby! 4 goblins come into view.
The goblin shouts!
Found a dark potion.
Ijyb the Twisted Goblin comes into view.
He is wielding an enchanted club.
Are you sure you want to abandon this character and quit the game? (Confirm with "yes".)

.... #..# #...# .... ..#
#...# .... ..# 8.g.g.8
.... #.####### g.g.g..
.... #.##....# 8g..g.8
.... #.##....# !......
.... ####>.'....#
8.....8 ....
#....##....##.......
####
#.##.##....@#8.....8
#.#...#.............
#####.###.#)...#........
#...#.# .#....#########
#.....# #.#....#
##...### #.##'### .....#
#.##)# ###..# #.##.#
#....### #.##.#


There were no monsters in sight!

Vanquished Creatures
  An orc priest (D:3)
  2 adders
  2 oozes
  3 giant geckos (D:1)
  5 orcs (D:3)
  3 bats (D:1)
  2 giant cockroaches (D:1)
  14 hobgoblins
  4 jackals
  A quokka (D:2)
  5 giant newts
  6 goblins
  6 kobolds
  7 rats
61 creatures vanquished.

Notes
Turn   | Place    | Note
--------------------------------------------------------------
     0 | D:1      | kae the Demonspawn Ice Elementalist began the quest for the Orb.
     0 | D:1      | Reached XP level 1. HP: 13/13 MP: 3/3
   188 | D:1      | Reached skill level 3 in Ice Magic
   405 | D:1      | Gained mutation: You are surrounded by a mild repulsion field (EV +2). [demonic ancestry]
   405 | D:1      | Reached XP level 2. HP: 2/19 MP: 5/5
  1263 | D:1      | Gained mutation: You have sharp fingernails. [demonic ancestry]
  1263 | D:1      | Reached XP level 3. HP: 13/24 MP: 6/6
  1860 | D:2      | Found a snail-covered altar of Cheibriados.
  2616 | D:3      | Reached XP level 4. HP: 30/30 MP: 5/8
  2671 | D:3      | Reached skill level 4 in Ice Magic
  3312 | D:3      | Noticed Ijyb
  3313 | D:3      | Quit the game

Vault maps used:
D:1:      dpeg_arrival_round_b, serial_bayou, serial_bayou_pond_c,
          serial_bayou_pond_a, serial_bayou_pond_c, serial_bayou_pond_b,
          serial_bayou_shore_b, serial_bayou_ford_a
D:2:      cheibriados_altar_1
D:3:      kennysheep_the_goblin_king, first_bread, lemuel_another_geyser

Action                   |  1- 3 |  4- 6 || total
-------------------------+-------+-------++-------
Melee: Unarmed           |    97 |    14 ||   111
 Cast: Freeze            |    59 |    28 ||    87
 Stab: Sleeping          |     3 |       ||     3
  Eat: Chunk             |     5 |     2 ||     7
